 Dungeon Crawl Stone Soup version 0.27-a0-679-g77a6b55cf3 (webtiles) character file.

Game seed: 13525119909757364826

(classic levelgen) 14 Amnesiac the Sneak (level 2, -2/19 HPs)
             Began as a Vampire Enchanter on Mar 18, 2021.
             Slain by an adder (5 damage)
             ... on level 3 of the Dungeon.
             The game lasted 00:01:31 (432 turns).

Amnesiac the Sneak (Vampire Enchanter)               Turns: 432, Time: 00:01:31

Health: -2/19      AC:  2    Str:  7    XL:     2   Next: 27%
Magic:  0/5        EV: 12    Int: 17    God:
Gold:   33         SH:  0    Dex: 14    Spells: 2/5 levels left

rFire    . . .     SeeInvis +   a - +1 dagger
rCold    . . .     Faith    .   (no shield)
rNeg     . . .     Spirit   .   b - +0 robe
rPois    .         Reflect  .   (no helmet)
rElec    .         Harm     .   (no cloak)
rCorr    .         Rampage  .   (no gloves)
Will     .....                  (no boots)
Stlth    +++.......             (no amulet)
HPRegen  0.26/turn              (no ring)
MPRegen  0.09/turn              (no ring)

@: lethally poisoned (-2 -> -2), regenerating quickly
A: alive, fangs 3, see invisible, unbreathing 1, vampiric 1
a: Exsanguinate


You were on level 3 of the Dungeon.
You visited 1 branch of the dungeon, and saw 3 of its levels.

You collected 33 gold pieces.

Inventory:

Hand Weapons
 a - a +1 dagger (weapon)
Armour
 b - a +0 robe (worn)
Scrolls
 c - 2 scrolls of identify {!r, unknown}
 d - a scroll of brand weapon {!r, unknown}
 g - a scroll of teleportation {!r, unknown}
Potions
 e - a potion of brilliance {!q, unknown}
 f - a potion of lignification {!q, unknown}


   Skills:
 - Level 1.1 Short Blades
 - Level 2.1 Dodging
 + Level 5.7 Stealth
 - Level 2.0 Spellcasting
 - Level 4.4 Hexes


You had 2 spell levels left.
You knew the following spells:

 Your Spells              Type           Power      Damage    Failure   Level
a - Corona                Hex            17%        N/A       3%          1
e - Ensorcelled Hibernat  Hex/Ice        18%        N/A       12%         2

Your spell library contained the following spells:

 Spells                   Type           Power      Damage    Failure   Level
 Animate Skeleton         Necr           2%         N/A       19%         1
 Apportation              Tloc           2%         N/A       19%         1
 Summon Small Mammal      Summ           4%         N/A       19%         1
 Confusing Touch          Hex            16%        N/A       10%         3
 Tukima's Dance           Hex            16%        N/A       10%         3
 Dazzling Flash           Conj/Hex       18%        N/A       24%         3


Dungeon Overview and Level Annotations

Branches:
Dungeon (3/15)

Altars:


Innate Abilities, Weirdness & Mutations

Your natural rate of healing is unusually fast.
You have razor-sharp teeth.
You have supernaturally acute eyesight. (SInv)
You can survive without breathing.
You are afflicted with vampirism.


Message History

You kill the hobgoblin!
Memorise Ensorcelled Hibernation, consuming 2 spell levels and leaving 2?
You start memorising the spell.
You continue memorising. x2
You finish memorising.
Spell assigned to 'b'.
You see here a +0 club.
You hear the slow rusting of a very distant drain. 2 adders and 2 jackals come into view.
The adder hisses angrily.
A kobold comes into view. It is wielding a +0 club.
A jackal comes into view.
The jackal moves out of view. x2; The kobold moves out of view.
Found 24 stones.
Found a stone staircase leading down.
Adjust (i)tems, (s)pells, or (a)bilities?
Adjust which spell? b - Ensorcelled Hibernation Adjust to which letter? e - Ensorcelled Hibernation
Casting: Corona (safe; 3% risk of failure)
Confirm with . or Enter, or press ? or * to list all spells.
Aiming: Ensorcelled Hibernation (safe; 12% risk of failure)
Press: ? - help, Shift-Dir - straight line, f - adder
Aim: an adder (chance to affect: 50%)
The adder resists with some effort.
The adder misses you.
Casting: Ensorcelled Hibernation (safe; 12% risk of failure)
Confirm with . or Enter, or press ? or * to list all spells.
Aiming: Ensorcelled Hibernation (safe; 12% risk of failure)
Press: ? - help, Shift-Dir - straight line, f/p - adder
Aim: an adder (chance to affect: 50%)
The adder resists with some effort.
The adder bites you.
Casting: Ensorcelled Hibernation (safe; 12% risk of failure)
Confirm with . or Enter, or press ? or * to list all spells.
Aiming: Corona (safe; 3% risk of failure)
Press: ? - help, Shift-Dir - straight line, f/p - adder
Aim: an adder (chance to affect: 62%)
The adder is outlined in light.
The adder bites you. x2
You closely miss the adder. The adder barely misses you.
You hit the adder.
The adder is moderately wounded.
The adder bites you.
You closely miss the adder.
The adder is moderately wounded.
The adder bites you but does no damage.
You barely miss the adder.
The adder is moderately wounded.
The adder bites you.
* * * LOW HITPOINT WARNING * * *
The jackal barks!
You hit the adder.
The adder is heavily wounded.
The adder closely misses you. The adder bites you.
* * * LOW HITPOINT WARNING * * *
You hit the adder.
The adder is severely wounded.
The adder bites you.
* * * LOW HITPOINT WARNING * * *
You are poisoned.
The adder poisons you!
You barely miss the adder.
The adder is severely wounded.
You feel sick. The adder closely misses you.
You hit the adder.
The adder is almost dead.
The adder stops glowing.
The adder bites you.
You die...

##### ######...# ###........#
#.....##...#
.######.#.#.###.####.#########
...........hS@.......##.......
..######.#.#.###.#######.#####.
.............# #.#######.## #.
#.#####.##.### #..........## #.
#.##.# #########)#.###. #.##.#
.........###.##. #.##.#
#########.#.....
............S.# ##.#.###
.(..S########## #.#.#


You could see an adder and a jackal.

Vanquished Creatures
  3 ball pythons (D:1)
  3 goblins (D:1)
  2 hobgoblins
  A frilled lizard (D:1)
  2 kobolds
  2 rats (D:1)
13 creatures vanquished.

Notes
Turn   | Place    | Note
-------+----------+-------------------------------------------
     0 | D:1      | Amnesiac the Vampire Enchanter began the quest for the Orb.
     0 | D:1      | Reached XP level 1. HP: 13/13 MP: 3/3
   108 | D:1      | Reached skill level 5 in Stealth
   162 | D:1      | Reached XP level 2. HP: 19/19 MP: 5/5
   358 | D:3      | Learned a level 2 spell: Ensorcelled Hibernation
   432 | D:3      | Slain by an adder

Illustrated notes

Levels and vault maps discovered:
D:1:      dpeg_arrival_boxorama, layout_basic, chequers_serial_rivers_room_b,
          minmay_rat_gold_closets
D:2:      layout_basic, grunt_temple_overflow_gold_and_silver
D:3:      layout_loops_ring, gammafunk_ghost_arena, cheibrodos_sewer_entry_bend,
          corner_web_ring, grunt_dithmenos_smoke_and_mirrors

Skill      XL: |  1 |
---------------+----+-----
Stealth        | 5 |  5.7
Short Blades   | |  1.1
Dodging        | |  2.1
Spellcasting   | |  2.0
Hexes          | |  4.4

Action                   || total
-------------------------++-------
Melee: Dagger            ||    39
 Cast: Corona            ||     7
       Ensorcelled Hiber ||     2
 Stab: Sleeping          ||     6
Armor: Robe              ||     4
Dodge: Dodged            ||    18

Table legend: (Time is in decaauts)
 A = Elapsed time spent in this place.
 B = Non-inter-level travel time spent in this place.
 C = Inter-level travel time spent in this place.
 D = Time resting spent in this place.
 E = Time spent auto-exploring this place.
 F = Levels seen in this place.
 G = Mean time per level.
                   A        B        C        D        E       F      G
               +--------+--------+--------+--------+--------+-----+--------+
         Total |    429 |    406 |     23 |      0 |    262 |   3 |  143.0 |
       Dungeon |    429 |    406 |     23 |      0 |    262 |   3 |  143.0 |
               +--------+--------+--------+--------+--------+-----+--------+

Top non-repeatable levels by time:
     D:1: 292 daAuts
     D:3: 88 daAuts
     D:2: 48 daAuts
